 Dungeon Sprint DCSS version 0.19.3-4-gbf9329e (webtiles) character file.

858 Kagutsuchi the Carver (level 7, -4/108 (109) HPs)
             Began as a Red Draconian Berserker on Jan 28, 2017.
             Was a Priest of Trog.
             Slain by a tyrant leech (29 damage)
             ... in the Dungeon (Sprint II: "The Violet Keep of Menkaure").
             The game lasted 00:00:56 (119 turns).

Kagutsuchi the Carver (Red Draconian Berserker)      Turns: 119, Time: 00:00:57

HP:   -4/108 (109)  AC:  6    Str: 24    XL:     7   Next: 71%
MP:   7/7           EV: 17    Int:  5    God:    Trog [***...]
Gold: 486           SH:  0    Dex: 13    Spells: 0 memorised, 6 levels left

rFire  + . .     SeeInvis .     a - +0 falchion
rCold  . . .     Gourm    .     (armour unavailable)
rNeg   . . .     Faith    .     (no shield)
rPois  .         Spirit   .     (helmet restricted)
rElec  .         Reflect  .     (no cloak)
rCorr  .         Harm     .     (no gloves)
MR     .....     Rnd*Rage +     (no boots)
Stlth  .......... NoTele   +    (no amulet)
                                (no ring)
                                (no ring)

@: berserking (expiring), very quick
A: breathe fire, unfitting armour, berserk 1, dopey 1, fire resistance 1, slow
regeneration 1, cold-blooded, AC +6
a: Breathe Fire, Berserk, Trog's Hand, Burn Spellbooks, Renounce Religion


You were in the Dungeon.
You worshipped Trog.
Trog was most pleased with you.
You were hungry.

You visited 1 branch You collected 486 gold pieces.

Inventory:

Hand Weapons
 a - a +0 falchion (weapon)
Scrolls
 h - a scroll of blinking
Potions
 c - a potion of curing
 d - a potion of heal wounds
 e - a potion of haste
 f - 2 potions of magic
 g - a potion of berserk rage
Comestibles
 b - a bread ration


   Skills:
 + Level 10.8 Fighting
 + Level 11.0 Long Blades
 + Level 9.0 Dodging


You had 6 spell levels left.
You didn't know any spells.

Dungeon Overview and Level Annotations

Branches:
Dungeon (1/1)

Altars:


Innate Abilities, Weirdness & Mutations

You can breathe blasts of fire.
Your fiery red scales are hard. (AC +6)
You cannot fit into any form of body armour.
Your flesh is heat resistant. (rF+)
You are cold-blooded and may be slowed by cold attacks.
You tend to lose your temper in combat.
You are dopey. (Int -2)
You regenerate slowly when monsters are visible.


Message History

You barely miss the tyrant leech.
The tyrant leech is heavily wounded.
The tyrant leech misses you.
You riposte.
You completely miss the tyrant leech.
Your tail-slap misses the tyrant leech.
The tyrant leech is heavily wounded.
You slash the tyrant leech!
Your tail-slap misses the tyrant leech.
The tyrant leech is almost dead.
You hit the tyrant leech.
The tyrant leech is almost dead.
You barely miss the tyrant leech.
The tyrant leech is almost dead.
The tyrant leech bites you!!
* * * LOW HITPOINT WARNING * * *
The tyrant leech draws strength from your injuries!
You hit the tyrant leech.
The tyrant leech is moderately wounded.
You closely miss the tyrant leech.
The tyrant leech is moderately wounded.
The tyrant leech bites you!!
You die... ## ## . . a#a

## #a# ##
#.###+###.##
#.##.##...#
#.'.<.†.#
#..##@##...#
#.###w###.##
## .#w ## ..
.. ##. $##
## ##


You could see 2 tyrant leeches.

Vanquished Creatures
  4 neqoxecs (D)
  4 necrophages (D)
8 creatures vanquished.

Vanquished Creatures (others)
  Menkaure (D)
  A crocodile (D)
2 creatures vanquished.

Grand Total: 10 creatures vanquished

Notes
Turn   | Place    | Note
-------+----------+-------------------------------------------
     0 | D        | Kagutsuchi the Draconian Berserker began the quest for the Orb.
     0 | D        | Reached XP level 1. HP: 19/19 MP: 1/1
     1 | D        | Noticed a necrophage
     1 | D        | Noticed a necrophage
     1 | D        | Noticed a necrophage
     1 | D        | Noticed a necrophage
     4 | D        | Killed a necrophage
     4 | D        | Reached skill level 5 in Long Blades
     4 | D        | Reached skill level 5 in Dodging
     4 | D        | Reached XP level 2. HP: 30/30 MP: 2/2
     4 | D        | Reached XP level 3. HP: 37/37 MP: 3/3
     4 | D        | Reached XP level 4. HP: 44/44 MP: 4/4
     6 | D        | Killed a necrophage
     6 | D        | Reached skill level 7 in Long Blades
     6 | D        | Reached XP level 5. HP: 52/52 MP: 5/5
    13 | D        | Killed a necrophage
    13 | D        | Reached ** piety under Trog
    13 | D        | Reached skill level 8 in Long Blades
    17 | D        | Killed a necrophage
    17 | D        | Reached XP level 6. HP: 62/62 MP: 6/6
    25 | D        | Killed Menkaure
    57 | D        | Noticed a neqoxec
    57 | D        | Noticed a neqoxec
    57 | D        | Noticed a neqoxec
    57 | D        | Noticed a neqoxec
    62 | D        | Killed a neqoxec
    62 | D        | Reached skill level 9 in Long Blades
    64 | D        | Gained mutation: You tend to lose your temper in combat. [a neqoxec]
    68 | D        | Killed a neqoxec
    68 | D        | Reached *** piety under Trog
    68 | D        | Reached skill level 10 in Fighting
    68 | D        | Reached skill level 10 in Long Blades
    68 | D        | Your scales start taking on a fiery red colour.
    68 | D        | Reached XP level 7. HP: 71/71 MP: 7/7
    68 | D        | Gained mutation: Your flesh is heat resistant. (rF+) [Red Draconian growth]
    75 | D        | Killed a neqoxec
    78 | D        | Gained mutation: You are dopey. (Int -2) [a neqoxec]
    78 | D        | Gained mutation: You regenerate slowly when monsters are visible. [a neqoxec]
    80 | D        | Killed a neqoxec
    80 | D        | Reached skill level 11 in Long Blades
   106 | D        | Noticed a tyrant leech
   106 | D        | Noticed a tyrant leech
   119 | D        | Slain by a tyrant leech

Skill      XL: |  1  2  3  4  5  6  7 |
---------------+----------------------+-----
Fighting       | 6 7 9 10 | 10.8
Long Blades    | 5 7 8 10 11 | 11.0
Dodging        | 5 6 7 8 9 |  9.0

Action                   |  1- 3 |  4- 6 |  7- 9 || total
-------------------------+-------+-------+-------++-------
Melee: Falchion          |     2 |    21 |    24 ||    47
       Tailslap          |       |     5 |     5 ||    10
Invok: Berserk           |     1 |     1 |     1 ||     3
Armor: Skin              |       |     3 |       ||     3
Dodge: Dodged            |       |     3 |     3 ||     6
       Rpst.: Falchion   |       |     1 |     2 ||     3
